 Dungeon Crawl Stone Soup version 0.14-a0-1844-g8283a67 (webtiles) character file.

16918 Kae the Black Belt (level 12, -4/83 HPs)
             Began as a White Draconian Transmuter on Jan 13, 2014.
             Was a Priest of Sif Muna.
             Slain by a wolf (7 damage)
             ... on Level 2 of the Lair of Beasts.
             The game lasted 00:45:10 (18277 turns).

Kae the Black Belt (White Draconian Transmuter)    Turns: 18277, Time: 00:45:10

HP  -4/83        AC  7     Str 13      XL: 12   Next:  8%
MP  20/22        EV 20     Int 13      God: Sif Muna [***...]
Gold 631         SH  0     Dex 22      Spells:  3 memorised, 12 levels left

rFire  + . .     SeeInvis .       - Unarmed
rCold  . . .     Clarity  .     (armour unavailable)
rNeg   . . .     Conserve .     (shield currently unavailable)
rPois  x         rCorr    .     E - melded +1 wizard hat
rElec  .         rRot     .     L - melded +1 cloak {rPois}
SustAb . .       Spirit   .     K - melded +1 pair of dwarf gloves
rMut   .         Warding  .     t - melded +2 pair of dwarf boots
Saprov . . .     Stasis   .     D - amulet of the Queen {+Rage +Inv Dam+3}
                                m - +5 ring of protection
                                O - ring of protection from fire

@: spider-form, burdened, very slightly contaminated, quick, somewhat resistant
to hostile enchantments, unstealthy
A: (breathe frost), unfitting armour, (cold resistance 0), AC +8
a: End Transformation, Channel Energy, Forget Spell, Renounce Religion, Evoke
Berserk Rage, Evoke Invisibility


You were on level 2 of the Lair of Beasts.
You worshipped Sif Muna.
Sif Muna was most pleased with you.
You were encumbered.
You were starving.
You were in spider-form.
You visited 3 branches of the dungeon, and saw 14 of its levels.

You collected 631 gold pieces.

Inventory:

Missiles
 l - 7 arrows of flame
 o - 11 tomahawks (quivered)
 p - 13 poisoned arrows
 v - 12 arrows of dispersal
 J - 7 poisoned tomahawks
 Q - 12 arrows
Armour
 t - a +2 pair of dwarven boots (melded)
 E - a +1 wizard hat (melded)
 K - a +1 pair of dwarven gloves (melded)
 L - a +1 cloak of poison resistance (melded)
Magical devices
 y - a wand of polymorph (2)
 B - a wand of flame (7)
Comestibles
 a - 9 bread rations
 k - 2 pears
 n - 9 meat rations
 C - 19 cheeses
 F - 11 strawberries
 G - 2 lemons
Scrolls
 b - 2 scrolls of identify
 f - 2 scrolls of recharging
 g - a scroll of teleportation
 h - 7 scrolls of remove curse
 i - 3 scrolls of enchant armour
 j - 3 scrolls of enchant weapon I
 S - a scroll of enchant weapon II
Jewellery
 e - a +1 ring of dexterity
 m - a +5 ring of protection (right front leg)
 u - a +1 ring of evasion
 D - the amulet of the Queen (around neck) {+Rage +Inv Dam+3}
   (You found it on level 6 of the Dungeon)

   [amulet of rage]

   It affects your damage-dealing abilities (+3).
   It lets you turn invisible.
 O - a ring of protection from fire (left front leg)
Potions
 q - 3 potions of lignification
 r - 2 potions of curing
 x - a potion of flight
 z - a potion of magic
 I - a potion of paralysis {unknown}
 M - a potion of brilliance {unknown}
 N - a potion of restore abilities {unknown}
 P - a potion of berserk rage {unknown}
 R - a potion of heal wounds {unknown}
Books
 d - a book of Changes

   Spells                             Type                      Level
   *Beastly Appendage                 Transmutation                1
   *Sticks to Snakes                  Transmutation                2
   *Spider Form                       Transmutation/Poison         3
   Ice Form                           Ice/Transmutation            4
   Blade Hands                        Transmutation                5
 s - a book of Transfigurations

   Spells                             Type                      Level
   Stoneskin                          Transmutation/Earth          2
   Ice Form                           Ice/Transmutation            4
   Statue Form                        Transmutation/Earth          6
   Dragon Form                        Transmutation                7
Miscellaneous
 A - a plain deck of changes


   Skills:
 - Level 1.1 Fighting
 - Level 1.7 Dodging
 - Level 16.0 Unarmed Combat
 + Level 3.9 Spellcasting
 * Level 10.2 Transmutations


You had 12 spell levels left.
You knew the following spells:

 Your Spells              Type           Power        Failure   Level  Hunger
a - Beastly Appendage     Trmt           ####..       3%          1    None
b - Sticks to Snakes      Trmt           ####......   3%          2    ##.....
c - Spider Form           Trmt/Pois      ###.......   24%         3    ###....


Dungeon Overview and Level Annotations

Branches:
Dungeon (11/16)            Temple (1/1) D:5             Orc (0/4) D:11
   Lair (2/8) D:11

Altars:
Ashenzari
Cheibriados
Elyvilon
Fedhas
Kikubaaqudgha
Makhleb
Nemelex Xobeh
Okawaru
Sif Muna
Trog
Vehumet
Xom
Yredelemnul
Zin
the Shining One

Shops:
D:5 =   D:11 [

Annotations:
D:6 Grinder, Sigmund
D:7 exclusion: orc, Menkaure


Innate Abilities, Weirdness & Mutations

((You can breathe waves of freezing cold.))*
((You can buffet flying creatures when you breathe cold.))*
((Your icy white scales are hard (AC +8).))*
Your body does not fit into most forms of armour.
Your cold-blooded metabolism reacts poorly to cold.
((Your flesh is cold resistant.))*


Message History

Your +2 pair of dwarven boots melds into your body.
You are starving!
The wolf misses you. The wolf bites you.
* * * LOW HITPOINT WARNING * * *
The wolf bites you.
* * * LOW HITPOINT WARNING * * *
The wolf closely misses you. The wolf misses you. The wolf barely misses you.
The wolf barely misses you. The wolf bites you but does no damage.
The wolf completely misses you. The wolf closely misses you.
The wolf bites you.
* * * LOW HITPOINT WARNING * * *
The wolf completely misses you.
Unknown command.
The wolf completely misses you. The wolf barely misses you. The wolf bites you!
* * * LOW HITPOINT WARNING * * *
Found a flail.
Found a stone staircase leading down.
The wolf bites you!
You die...

≈** ≈≈≈,,,,,,,,,,.,........<....#
** ** ≈ ,,*,.,,,#.)............§#
* *≈≈≈ ,,,..,,,...............%#
****≈ ,,*#...,*#.......##...#.##
≈≈ ≈≈≈≈,,...>.,*#......P....j###
..,,,,,≈,......##............#
..#*,, ≈,..≈...#P............#
..##,≈≈≈...≈≈....h.........jf#
.....≈≈,...≈≈≈..sh.....##....#
....≈≈,,..≈≈≈≈...hh....#.....#
#.#, ≈,,,≈≈≈≈..#.......##...#####
..#..≈≈,,.≈≈..f##.....##........#
....≈≈≈≈ ≈≈≈..*###....#.h........
....≈≈≈≈≈≈≈≈≈.*#P....f.#........#
.....≈≈≈≈≈≈≈≈...................#
......,≈≈≈≈≈....................,
......,,,*,,,,P.#.#.###........,,


You could see 4 wolves.

Vanquished Creatures
  Urug (D:10)
  Nergalle (D:10)
  4 hill giants
  Pikel (D:7)
  Joseph (D:8)
  Maurice (D:10)
  A black mamba (Lair:1)
  3 komodo dragons
  3 trolls
  Sonja (D:10)
  A two-headed ogre (D:9)
  A wyvern (D:11)
  A hill giant zombie (D:9)
  Eustachio (D:6)
  14 yaks
  An ice beast (D:7)
  A hill giant skeleton (D:9)
  2 hippogriffs
  A wolf (Lair:2)
  A deep elf fighter (D:11)
  2 manticores
  3 orc warriors
  A sky beast (D:7)
  8 centaurs
  5 phantoms
  4 ogres
  A black bear (D:9)
  Duvessa (D:6)
  3 crocodiles
  A water moccasin (Lair:1)
  2 gnoll sergeants (D:8)
  An agate snail (Lair:1)
  A manticore zombie (D:10)
  4 giant frogs
  8 killer bees
  A hippogriff zombie (D:9)
  A hippogriff skeleton (D:9)
  A troll zombie (D:11)
  5 wights (D:9)
  A troll skeleton (D:9)
  A goliath beetle (D:10)
  Dowan (D:6)
  8 crimson imps
  5 quasits
  4 orc priests
  Crazy Yiuf (D:7)
  A hound (D:6)
  5 jellies
  3 scorpions
  An orange rat (D:10)
  An iguana (D:7)
  14 worker ants
  12 orc wizards
  Ijyb (D:2)
  Jessica (D:7)
  A crocodile zombie (D:11)
  2 worker ant zombies (D:8)
  A spectral human (D:7)
  19 adders
  22 gnolls
  24 green rats
  2 giant mites
  10 worms
  2 adder zombies
  An adder skeleton (D:6)
  4 grey rats (D:10)
  2 giant eyeballs
  8 giant geckos
  An ooze (D:3)
  47 orcs
  23 bats
  A bat zombie (D:6)
  16 hobgoblins
  15 jackals
  2 ball pythons
  2 giant cockroaches
  6 giant newts
  A giant newt skeleton (D:5)
  6 giant spores
  11 goblins
  18 kobolds
  4 quokkas
  A quokka skeleton (D:6)
  30 rats
  14 ballistomycetes
450 creatures vanquished.

Vanquished Creatures (collateral kills)
  Edmund (D:4)
1 creature vanquished.

Vanquished Creatures (others)
  3 slaves (D:7)
  A jelly (D:7)
  A worm (D:7)
  A ballistomycete (D:10)
6 creatures vanquished.

Grand Total: 457 creatures vanquished

Notes
Turn   | Place    | Note
--------------------------------------------------------------
     0 | D:1      | Kae, the Draconian Transmuter, began the quest for the Orb.
     0 | D:1      | Reached XP level 1. HP: 16/16 MP: 3/3
   396 | D:1      | Reached XP level 2. HP: 23/23 MP: 2/4
   777 | D:2      | Reached skill level 4 in Unarmed Combat
   782 | D:2      | Reached XP level 3. HP: 15/28 MP: 6/6
  1912 | D:2      | Reached XP level 4. HP: 35/35 MP: 7/7
  1946 | D:2      | Reached skill level 5 in Unarmed Combat
  2523 | D:3      | Noticed a phantom
  2640 | D:3      | Reached XP level 5. HP: 37/40 MP: 9/9
  2981 | D:3      | Noticed Ijyb
  3016 | D:2      | Killed Ijyb
  3016 | D:2      | Reached skill level 6 in Unarmed Combat
  3394 | D:4      | Found a shattered altar of Ashenzari.
  3403 | D:4      | Found a sparkling altar of Nemelex Xobeh.
  3418 | D:4      | Noticed a phantom
  3459 | D:4      | Killed a phantom
  3459 | D:4      | Reached skill level 7 in Unarmed Combat
  3459 | D:4      | Reached XP level 6. HP: 36/47 MP: 7/10
  3903 | D:4      | Paralysed by a giant eyeball for 2 turns
  4163 | D:4      | Noticed Edmund
  4174 | D:4      | Learned a level 2 spell: Sticks to Snakes
  4191 | D:4      | Killed Edmund
  4191 | D:4      | Reached skill level 8 in Unarmed Combat
  4191 | D:4      | Your scales start taking on an icy white colour.
  4191 | D:4      | Gained mutation: Your flesh is cold resistant. [draconian maturity]
  4191 | D:4      | Reached XP level 7. HP: 39/52 MP: 9/12
  4516 | D:4      | Learned a level 3 spell: Spider Form
  4608 | D:5      | Entered Level 5 of the Dungeon
  5010 | D:5      | Found a staircase to the Ecumenical Temple.
  5020 | Temple   | Entered the Ecumenical Temple
  5079 | Temple   | Became a worshipper of Sif Muna the Loreminder
  5105 | D:5      | Paralysed by a giant eyeball for 2 turns
  5121 | D:5      | Reached skill level 9 in Unarmed Combat
  5615 | D:5      | Reached XP level 8. HP: 51/59 MP: 11/13
  5627 | D:5      | Found Imeavamp's Jewellery Shop.
  5669 | D:5      | Reached skill level 10 in Unarmed Combat
  6634 | D:6      | Noticed Eustachio
  6652 | D:6      | Killed Eustachio
  6652 | D:6      | Reached skill level 11 in Unarmed Combat
  6721 | D:6      | Noticed Grinder
  6754 | D:6      | Paralysed by Grinder for 4 turns
  6832 | D:6      | Got a glittering steel amulet
  6881 | D:6      | Noticed Sigmund
  7126 | D:6      | Noticed Duvessa
  7145 | D:6      | Noticed Dowan
  7147 | D:6      | Killed Duvessa
  7187 | D:6      | Killed Dowan
  7187 | D:6      | Reached XP level 9. HP: 45/64 MP: 4/14
  7379 | D:7      | Noticed Jessica
  7380 | D:7      | Found a sparkling altar of Nemelex Xobeh.
  7385 | D:7      | Killed Jessica
  7423 | D:7      | Noticed Menkaure
  7551 | D:7      | Found a basalt altar of Yredelemnul.
  7587 | D:7      | Noticed Pikel
  7612 | D:7      | Killed Pikel
  7612 | D:7      | Reached skill level 12 in Unarmed Combat
  8048 | D:7      | Noticed Crazy Yiuf
  8055 | D:7      | Killed Crazy Yiuf
  9021 | D:8      | Reached skill level 13 in Unarmed Combat
  9104 | D:8      | Reached skill level 5 in Transmutations
  9342 | D:8      | Acquired Sif Muna's first power
  9387 | D:8      | Noticed Joseph
  9450 | D:8      | Found a glowing silver altar of Zin.
  9544 | D:8      | Reached XP level 10. HP: 36/71 MP: 16/16
 10618 | D:8      | Identified the cursed amulet of the Queen {+Rage +Inv Dam+3} (You found it on level 6 of the Dungeon)
 10678 | D:8      | Killed Joseph
 11271 | D:9      | Reached skill level 14 in Unarmed Combat
 13185 | D:10     | Entered Level 10 of the Dungeon
 13200 | D:10     | Reached XP level 11. HP: 69/77 MP: 17/17
 13234 | D:10     | Noticed Sonja
 13234 | D:10     | Noticed Maurice
 13260 | D:10     | Killed Maurice
 13314 | D:10     | Killed Sonja
 13314 | D:10     | Acquired Sif Muna's second power
 13314 | D:10     | Reached skill level 15 in Unarmed Combat
 13607 | D:10     | Noticed Urug
 13629 | D:10     | Killed Urug
 13921 | D:10     | Noticed Nergalle
 14035 | D:10     | Killed Nergalle
 14717 | D:10     | Noticed a hill giant
 14731 | D:10     | Killed a hill giant
 14786 | D:10     | Noticed a hill giant
 14799 | D:10     | Killed a hill giant
 15109 | D:11     | Found a staircase to the Orcish Mines.
 15129 | D:11     | Noticed a hill giant
 15141 | D:11     | Killed a hill giant
 15141 | D:11     | Reached skill level 16 in Unarmed Combat
 15308 | D:11     | Noticed a hill giant
 15319 | D:11     | Killed a hill giant
 16154 | D:11     | Found Mitaopre's Armour Boutique.
 16411 | D:11     | Found a staircase to the Lair.
 16601 | Lair:1   | Entered Level 1 of the Lair of Beasts
 17097 | Lair:1   | Reached skill level 10 in Transmutations
 17097 | Lair:1   | Reached XP level 12. HP: 73/83 MP: 21/21
 18275 | Lair:2   | HP: 2/83 [wolf (7)]
 18277 | Lair:2   | Slain by a wolf

Action                   |  1- 3 |  4- 6 |  7- 9 | 10-12 || total
-------------------------+-------+-------+-------+-------++-------
Melee: Unarmed           |   153 |   253 |   565 |   722 ||  1693
Throw: Tomahawk          |       |       |     2 |    10 ||    12
 Cast: Beastly Appendage |    12 |    19 |    59 |    68 ||   158
       Sticks to Snakes  |       |     1 |     8 |       ||     9
       Spider Form       |       |       |     3 |    17 ||    20
 Abil: Breathe Frost     |       |       |       |     5 ||     5
Evoke: Wand              |       |       |       |     4 ||     4
  Use: Scroll            |     2 |       |    13 |    15 ||    30
       Potion            |       |     1 |       |     3 ||     4
 Stab: Sleeping          |       |     1 |     2 |       ||     3
